 Dungeon Crawl Stone Soup version 0.26-a0-652-gafc20e3620 (webtiles) character file.

Game seed: 1663351633891905044

38 smeego the Shield-Bearer (level 3, 0/26 HPs)
             Began as an Octopode Fighter on Oct 3, 2020.
             Slain by a gnoll
             ... wielding a +4 spear
              (6 damage)
             ... on level 2 of the Dungeon.
             The game lasted 00:01:04 (1631 turns).

smeego the Shield-Bearer (Octopode Fighter)         Turns: 1631, Time: 00:01:05

Health: 0/26       AC:  1    Str: 15    XL:     3   Next: 43%
Magic:  3/3        EV: 11    Int: 11    God:
Gold:   48         SH:  8    Dex: 11    Spells: 2/2 levels left

rFire    . . .     SeeInvis .   a - +0 long sword
rCold    . . .     Faith    .   b - +0 kite shield
rNeg     . . .     Spirit   .   (helmet restricted)
rPois    .         Reflect  .   (no amulet)
rElec    .         Harm     .   (no ring)
rCorr    .         Rampage  .   (no ring)
MR       .....                  (no ring)
Stlth    ++........             (no ring)
HPRegen  0.08/turn              (no ring)
MPRegen  0.08/turn              (no ring)
                                (no ring)
                                (no ring)

@: no status effects
A: almost no armour, stealthy swim, amphibious, 8 rings, constrict 8, camouflage
1, gelatinous body 1
a: no special abilities


You were on level 2 of the Dungeon.
You visited 1 branch of the dungeon, and saw 2 of its levels.

You collected 48 gold pieces.

Inventory:

Hand Weapons
 a - a +0 long sword (weapon)
Missiles
 g - 18 poisoned darts (quivered)
Armour
 b - a +0 kite shield (worn)
Scrolls
 e - a scroll of blinking {unknown}
 f - a scroll of remove curse {unknown}
 i - 2 scrolls of identify {unknown}
 k - a scroll of teleportation {unknown}
Potions
 c - a potion of might
 d - a potion of heal wounds {unknown}
 h - a potion of brilliance {unknown}
 j - a potion of flight {unknown}


   Skills:
 + Level 3.1 Fighting
 * Level 2.6 Long Blades
 + Level 0.6 Throwing
 + Level 3.1 Dodging
 + Level 1.0 Stealth
 + Level 3.2 Shields
 + Level 0.5 Unarmed Combat


You had 2 spell levels left.
You didn't know any spells.
Your spell library was empty.

Dungeon Overview and Level Annotations

Branches:
Dungeon (2/15)

Altars:


Innate Abilities, Weirdness & Mutations

You cannot wear most types of armour.
You are very stealthy in the water. (Stealth+)
You are amphibious.
You can wear up to eight rings at the same time.
You can use your tentacles to constrict eight enemies at once.
Your skin changes colour to match your surroundings (Stealth+).
Your rubbery body absorbs attacks. (AC +1, EV +1)


Message History

You block the gnoll's attack.
A gnoll comes into view. It is wielding a +0 spear.
An adder comes into view.
The adder hisses angrily.
You release your grip on the gnoll.
The gnoll hits you from afar with a +4 spear!
The gnoll hits you with a +0 flail!
You aren't carrying any items that you can evoke.
The gnoll closely misses you.
There is an escape hatch in the ceiling here.
You hit the gnoll. You grab the gnoll.
The gnoll is lightly wounded.
You constrict the gnoll. The gnoll closely misses you.
The gnoll hits you with a +0 flail.
* * * LOW HITPOINT WARNING * * *
You hit the gnoll.
The gnoll is severely wounded.
You constrict the gnoll, but do no damage.
The gnoll hits you from afar with a +4 spear.
You die...

..#8........).......#
..##............###.#
..###8###8###8### #.#
..### ### ### #.#
....###### #.#
...gS.g..# #.#
...S.###.### #.#
#g##.#
#...########.##
#.##.#
#.†<.gSgg@....#
#g##.#
#.#.###########
#S##.# #.#.# #.##.#
#.#.# #g##.###.#.#
#........#.#
####.#####.# ....g#
#.# ....## #.#


You could see 3 gnolls and an adder.

Vanquished Creatures
  3 dart slugs (D:1)
  2 giant cockroaches (D:1)
  5 goblins
  7 hobgoblins (D:1)
  A ball python (D:1)
  6 bats
  2 frilled lizards (D:1)
  A kobold (D:1)
  3 rats (D:1)
30 creatures vanquished.

Notes
Turn   | Place    | Note
-------+----------+-------------------------------------------
     0 | D:1      | smeego the Octopode Fighter began the quest for the Orb.
     0 | D:1      | Reached XP level 1. HP: 16/16 MP: 1/1
    34 | D:1      | Reached XP level 2. HP: 7/21 MP: 2/2
   974 | D:1      | Reached XP level 3. HP: 22/26 MP: 3/3
  1247 | D:1      | Reached skill level 1 in Stealth
  1631 | D:2      | Slain by a gnoll

Illustrated notes

Levels and vault maps discovered:
D:1:      lemuel_arrival_hallway, layout_loops_cross
D:2:      layout_basic, marbit_many_paths, corexii_hall_statues_l,
          minmay_tiny_reverse_x

Skill      XL: |  1  2  3 |
---------------+----------+-----
Stealth        | 1 |  1.0
Fighting       | |  3.1
Long Blades    | |  2.6
Throwing       | |  0.6
Dodging        | |  3.1
Shields        | |  3.2
Unarmed Combat | |  0.5

Action                   || total
-------------------------++-------
Melee: Long sword        ||    50
       Constrict         ||    25
       Tentacles         ||    13
 Stab: Sleeping          ||     4
Armor: Skin              ||     5
Dodge: Dodged            ||    25
Block: Kite shield       ||    18
       Rpst.: Long sword ||    10

Table legend: (Time is in decaauts)
 A = Elapsed time spent in this place.
 B = Non-inter-level travel time spent in this place.
 C = Inter-level travel time spent in this place.
 D = Time resting spent in this place.
 E = Time spent auto-exploring this place.
 F = Levels seen in this place.
 G = Mean time per level.
                   A        B        C        D        E       F      G
               +--------+--------+--------+--------+--------+-----+--------+
         Total |   1648 |   1616 |     32 |    717 |    693 |   2 |  824.0 |
       Dungeon |   1648 |   1616 |     32 |    717 |    693 |   2 |  824.0 |
               +--------+--------+--------+--------+--------+-----+--------+

Top non-repeatable levels by time:
     D:1: 1497 daAuts
     D:2: 151 daAuts
